 Dungeon Crawl Stone Soup version 0.20-a0-833-gc632bec (console) character file.

53 HarryHood the Skirmisher (level 3, -2/36 HPs)
             Began as a Minotaur Berserker on Mar 7, 2017.
             Was a Follower of Trog.
             Slain by a gnoll
             ... wielding a +0 flail
              (11 damage)
             ... on level 2 of the Dungeon.
             The game lasted 00:03:32 (947 turns).

HarryHood the Skirmisher (Minotaur Berserker)        Turns: 947, Time: 00:03:33

Health: -2/36      AC:  3    Str: 21    XL:     3   Next: 62%
Magic:  2/2        EV: 12    Int:  4    God:    Trog [*.....]
Gold:   66         SH:  0    Dex: 10    Spells: 2/2 levels left

rFire    . . .     SeeInvis .   a - +0 mace
rCold    . . .     Gourm    .   b - +1 animal skin
rNeg     . . .     Faith    .   (no shield)
rPois    .         Spirit   .   (helmet restricted)
rElec    .         Reflect  .   (no cloak)
rCorr    .         Harm     .   (no gloves)
MR       .....                  (no boots)
Stlth    +.........             (no amulet)
Regen    0.2/turn               (no ring)
MPRegen  0.1/turn               (no ring)

@: no status effects
A: retaliatory headbutt, horns 2
a: Berserk, Burn Spellbooks, Renounce Religion


You were on level 2 of the Dungeon.
You worshipped Trog.
Trog was aware of your devotion.
You were not hungry.

You visited 1 branch of the dungeon, and saw 2 of its levels.

You collected 66 gold pieces.

Inventory:

Hand Weapons
 a - a +0 mace (weapon)
Missiles
 j - 18 sling bullets
Armour
 b - a +1 animal skin (worn)
Scrolls
 d - a scroll of enchant armour
 g - a scroll of remove curse {@r2}
Potions
 f - a potion of curing {unknown}
 l - a potion of haste {unknown}
 m - 2 potions of berserk rage
 n - a potion of might {unknown}
Comestibles
 c - a bread ration {@e1}
 h - 3 chunks of flesh


   Skills:
 * Level 5.6 Fighting
 - Level 3.6 Maces & Flails
 - Level 2.4 Armour
 - Level 2.1 Dodging


You had 2 spell levels left.
You didn't know any spells.

Dungeon Overview and Level Annotations

Branches:
Dungeon (2/15)

Altars:


Innate Abilities, Weirdness & Mutations

You reflexively headbutt those who attack you in melee.
You have a pair of horns on your head.


Message History

The gnoll shouts! x2
The gnoll barely misses you. The gnoll closely misses you.
The gnoll closely misses you. The gnoll misses you.
You barely miss the gnoll. The gnoll barely misses you.
You furiously retaliate!
You headbutt the gnoll. You closely miss the gnoll.
Your headbutt misses the gnoll. The gnoll hits you with a halberd.
You completely miss the gnoll. You headbutt the gnoll!
The gnoll hits you with a halberd!
You hit the gnoll.
You kill the gnoll!
Trog accepts your kill.
You closely miss the gnoll. The gnoll hits you with a flail.
You hit the gnoll. Your headbutt misses the gnoll.
The gnoll hits you with a flail!
* * * LOW HITPOINT WARNING * * *
You hit the gnoll. The gnoll hits you with a flail!
You die...

... ... #.# #..
##.# <.# ######.#
#......# #.####@#
######### #.# #g# #
........#
#.####.##....
.######.#
#.##.........# #.#
#.##.#.##.##.#
#####รท###.......#
#
#.........(.......#
#.###.###.......#<#
#.# #.####..#.#


You could see a gnoll.

Vanquished Creatures
  A gnoll (D:2)
  An adder (D:2)
  A worm (D:1)
  A dart slug (D:1)
  8 bats (D:1)
  A giant cockroach (D:1)
  5 goblins (D:1)
  3 hobgoblins (D:1)
  3 kobolds (D:1)
  4 rats (D:1)
28 creatures vanquished.

Notes
Turn   | Place    | Note
-------+----------+-------------------------------------------
     0 | D:1      | HarryHood the Minotaur Berserker began the quest for the Orb.
     0 | D:1      | Reached XP level 1. HP: 19/19 MP: 0/0
     0 | D:1      | Noticed an ice dragon
     0 | D:1      | Noticed a shadow dragon
     3 | D:1      | Noticed an ice dragon
     3 | D:1      | Noticed a green draconian
     5 | D:1      | Noticed a tentacled monstrosity
     6 | D:1      | Noticed an iron dragon
     7 | D:1      | Noticed an orb of fire
     8 | D:1      | Noticed an orb of fire
    12 | D:1      | Noticed an orb of fire
    13 | D:1      | Noticed a large abomination
    14 | D:1      | Noticed an ice dragon
    16 | D:1      | Noticed a black draconian
    16 | D:1      | Noticed a large abomination
    16 | D:1      | Noticed an orb of fire
    18 | D:1      | Noticed an ice dragon
    18 | D:1      | Noticed a shadow dragon
    85 | D:1      | Reached skill level 4 in Fighting
   178 | D:1      | Reached XP level 2. HP: 27/27 MP: 1/1
   693 | D:1      | Reached skill level 5 in Fighting
   839 | D:1      | Reached XP level 3. HP: 36/36 MP: 2/2
   947 | D:2      | Slain by a gnoll

Vault maps used:
D:1:      shiori_arrival_whats_in_store_for_you, minmay_tree_intersection
D:2:      minitemple, first_bread

Skill      XL: |  1  2 |
---------------+-------+-----
Fighting       | 4 5 |  5.6
Maces & Flails | |  3.6
Armour         | |  2.4
Dodging        | |  2.1

Action                   || total
-------------------------++-------
Melee: Mace              ||    47
       Headbutt          ||     6
  Use: Scroll            ||     5
 Stab: Sleeping          ||     1
Armor: Animal skin       ||     6
Dodge: Dodged            ||    32
